 Dungeon Crawl Stone Soup version 0.20-a0-1116-gaa52201 (webtiles) character file.

261 Lochraine the Stinger (level 6, -4/49 HPs)
             Began as a Naga Venom Mage on May 8, 2017.
             Slain by an orc priest
             ... wielding a +0 club
              (6 damage)
             ... on level 3 of the Dungeon.
             The game lasted 00:13:11 (3429 turns).

Lochraine the Stinger (Naga Venom Mage)             Turns: 3429, Time: 00:13:11

Health: -4/49      AC:  4    Str:  8 (11) XL:     6   Next: 18%
Magic:  1/10       EV: 10    Int: 14 (17) God:
Gold:   95         SH:  0    Dex: 11      Spells: 5/11 levels left

rFire    . . .     SeeInvis +   b - +2 hand axe (chop)
rCold    . . .     Gourm    .   (no shield)
rNeg     . . .     Faith    .   t - +1 robe
rPois    +         Spirit   .   (no helmet)
rElec    .         Reflect  .   (no cloak)
rCorr    .         Harm     .   (no gloves)
MR       .....                  (no barding)
Stlth    +++.......             (no amulet)
Regen    0.2/turn               (no ring)
MPRegen  0.2/turn               (no ring)

@: short of breath, very slow
A: see invisible, deformed body, poison resistance, slowness 2, slow metabolism
1, spit poison 1, AC +2
a: Spit Poison


You were on level 3 of the Dungeon.
You were not hungry.

You visited 1 branch of the dungeon, and saw 3 of its levels.

You collected 95 gold pieces.

Inventory:

Hand Weapons
 a - a +0 hunting sling
   (You took it off a goblin on level 3 of the Dungeon)
 b - a +2 hand axe of chopping (weapon)
   (You took it off a hobgoblin on level 1 of the Dungeon)
 i - a +0 dagger
   (You took it off a goblin on level 1 of the Dungeon)
Missiles
 c - 108 stones (quivered)
 d - 6 sling bullets
Armour
 f - a +0 shield
   (You found it on level 1 of the Dungeon)
 t - a +1 robe (worn)
Scrolls
 e - a scroll of identify {@r1}
Potions
 h - a potion of brilliance
Books
 k - a Young Poisoner's Handbook
Comestibles
 m - 2 meat rations
 q - 2 bread rations


   Skills:
 - Level 1.5 Dodging
 + Level 4.9 Stealth
 + Level 3.0 Spellcasting
 + Level 2.7 Conjurations
 + Level 1.9 Air Magic
 * Level 5.7 Poison Magic


You had 5 spell levels left.
You knew the following spells:

 Your Spells              Type           Power        Failure   Level  Hunger
a - Sting                 Conj/Pois      ##..         3%          1    #......
b - Poisonous Vapours     Pois/Air       ##....       7%          2    ##.....
d - Mephitic Cloud        Conj/Pois/Air  ##......     16%         3    ###....


Dungeon Overview and Level Annotations

Branches:
Dungeon (3/15)

Altars:

Annotations:
D:3 1 runed door, 1 exclusion, Avack's ghost, amateur HaGl


Innate Abilities, Weirdness & Mutations

You cannot wear boots.
Your serpentine skin is tough. (AC +2)
You have supernaturally acute eyesight. (SInv)
Armour fits poorly on your strangely shaped body.
Your system is resistant to poisons. (rPois)
You cover ground very slowly.
You have a slow metabolism.
You can spit poison.


Message History

You have got your breath back.
The leopard gecko is engulfed in noxious fumes.
The leopard gecko appears confused.
You kill the leopard gecko!
The goblin is engulfed in noxious fumes.
The goblin appears confused.
The goblin hits you with a club.
* * * LOW HITPOINT WARNING * * *
An orc priest comes into view. It is wielding a club.
Okay, then.
As you read the scroll of fog, it crumbles to dust.
The scroll dissolves into smoke.
The orc hits you but does no damage.
The goblin is engulfed in noxious fumes.
The goblin appears confused.
The goblin hits you but does no damage.
An orc wizard comes into view. It is wielding a dagger.
The goblin is engulfed in noxious fumes.
The goblin appears confused.
You kill the goblin!
The goblin barely misses you. The orc wizard casts a spell at you.
You easily resist.
The orc priest calls upon Beogh to heal the orc.
The orc's wounds heal themselves!
The gnoll laughs at nothing.
You see here a club.
The goblin hits you but does no damage.
Okay, then.
Okay, then.
Unknown command.
Aim: an orc priest, wielding a club and wearing a leather armour (purple smoke) There's already a cloud there!
You slash the gnoll!
You kill the gnoll!
You hit the goblin.
The orc priest miscasts a cantrip.
The goblin barely misses you. The orc completely misses you.
Aim: an orc priest, wielding a club and wearing a leather armour Poisonous vapours surround the orc priest!
The orc wizard casts a spell.
The orc wizard blinks!
The orc priest is engulfed in poison gas.
The orc priest is poisoned.
The orc hits you but does no damage. The goblin hits you with a club.
* * * LOW HITPOINT WARNING * * *
The splash of poison hits the goblin.
The goblin is poisoned.
You kill the goblin!
You feel slightly more hungry. The orc hits you with a dagger.
* * * LOW HITPOINT WARNING * * *
You hit the orc priest but do no damage.
You hit the orc. The orc priest hits you with a club.
You die...

#########
#.)).o@.#
...'.§§§o§.#
...#########
.


You could see an orc priest and an orc.

Vanquished Creatures
  A crimson imp (D:3)
  An orc priest (D:3)
  5 adders (D:2)
  5 gnolls
  3 oozes
  2 worms (D:2)
  A dart slug (D:1)
  2 leopard geckos
  5 orcs (D:3)
  A ball python (D:2)
  3 giant cockroaches (D:1)
  9 hobgoblins
  2 quokkas (D:2)
  10 bats
  4 frilled lizards
  16 goblins
  5 kobolds
  7 rats
82 creatures vanquished.

Notes
Turn   | Place    | Note
-------+----------+-------------------------------------------
     0 | D:1      | Lochraine the Naga Venom Mage began the quest for the Orb.
     0 | D:1      | Reached XP level 1. HP: 15/15 MP: 3/3
   448 | D:1      | Reached XP level 2. HP: 13/22 MP: 0/5
   982 | D:1      | Learned a level 2 spell: Poisonous Vapours
  1073 | D:1      | Reached XP level 3. HP: 28/28 MP: 4/6
  1593 | D:2      | Learned a level 3 spell: Mephitic Cloud
  1605 | D:2      | Reached XP level 4. HP: 32/36 MP: 2/7
  1838 | D:2      | Reached skill level 1 in Air Magic
  2213 | D:2      | Reached XP level 5. HP: 42/42 MP: 5/9
  2238 | D:2      | Reached skill level 5 in Poison Magic
  3021 | D:3      | Found a runed door.
  3233 | D:3      | Reached XP level 6. HP: 13/49 MP: 7/10
  3334 | D:3      | Noticed Avack's ghost (amateur HaGl)
  3428 | D:3      | HP: 2/49 [orc/dagger (4)]
  3429 | D:3      | Slain by an orc priest

Vault maps used:
D:1:      kennysheep_arrival_seaside, minmay_door_square,
          minmay_misc_feat_encased
D:3:      minmay_goblin_kobold_castle, lemuel_coloured_pillars_altar,
          first_bread, uniq_crazy_yiuf_cottage

Skill      XL: |  1  2  3  4  5 |
---------------+----------------+-----
Conjurations   | 2 |  2.7
Air Magic      | 1 |  1.9
Poison Magic   | 5 |  5.7
Stealth        | 4 |  4.9
Spellcasting   | 3 |  3.0
Dodging        | |  1.5

Action                   |  1- 3 |  4- 6 || total
-------------------------+-------+-------++-------
Melee: Unarmed           |    17 |       ||    17
       Hand axe          |    21 |    78 ||    99
 Fire: Hunting sling     |       |    95 ||    95
 Cast: Sting             |    42 |    16 ||    58
       Poisonous Vapours |       |    27 ||    27
       Mephitic Cloud    |       |     3 ||     3
 Abil: Spit Poison       |     5 |     8 ||    13
  Use: Scroll            |       |     7 ||     7
       Potion            |       |     5 ||     5
 Stab: Sleeping          |     2 |     2 ||     4
       Confused          |       |     1 ||     1
  Eat: Chunk             |     2 |     5 ||     7
       Meat ration       |       |     1 ||     1
Armor: Robe              |     4 |    31 ||    35
       Skin              |       |    16 ||    16
Dodge: Dodged            |    35 |    68 ||   103
